 Dungeon Crawl Stone Soup version 0.29.1-15-g9cfb28693d (webtiles) character file.

Game seed: 2257202653158356478

9077 BuddhaDhamma the Severer (level 11, -25/82 HPs)
             Began as a Minotaur Berserker on Mar 16, 2023.
             Was a High Priest of Trog.
             Killed from afar by an acid dragon (36 damage)
             ... with a splash of acid
             ... on level 11 of the Dungeon.
             The game lasted 00:22:38 (12516 turns).

BuddhaDhamma the Severer (Minotaur Berserker)      Turns: 12516, Time: 00:22:39

Health: -25/82     AC: 10    Str: 25    XL:     11   Next: 18%
Magic:  10/10      EV: 22    Int:  4    God:    Trog [*****.]
Gold:   579        SH:  0    Dex: 17    Spells: 10/10 levels left

rFire   . . .      SeeInvis .   b - +6 battleaxe (freeze)
rCold   . . .      Faith    .   (shield currently unavailable)
rNeg    . . .      Spirit   .   j - +0 plate armour
rPois   +          Reflect  .   v - +0 hat
rElec   .          Harm     .   h - +1 cloak {rPois}
rCorr   .          Rampage  .   n - +0 pair of gloves
Will    +....                   (no boots)
Stlth   ..........              i - amulet of the acrobat
HPRegen 0.23/turn               e - +6 ring of dexterity
MPRegen 0.12/turn               q - ring of willpower

@: corroded, acrobatic, unable to read
A: horns 2, retaliatory headbutt, inability to read after injury 1
a: Renounce Religion, Berserk, Trog's Hand, Brothers in Arms


You were on level 11 of the Dungeon.
You worshipped Trog.
Trog was extremely pleased with you.
You visited 1 branch of the dungeon, and saw 11 of its levels.

You collected 633 gold pieces.
You spent 54 gold pieces at shops.

Inventory:

Hand Weapons
 b - a +6 battleaxe of freezing (weapon)
 o - the +10 war axe of the Crafting Gods {protect, Contam rC- Will+ Str+9}
   (You found it on level 7 of the Dungeon)

   It grants its wielder temporary protection when it strikes (+7 to AC).
   Str:       It affects your strength (+9).
   rC:        It makes you vulnerable to cold.
   Contam:    It causes magical contamination when unequipped.
   Will:      It increases your willpower.
Missiles
 d - a throwing net
 t - 6 atropa-tipped darts (quivered)
Armour
 h - a +1 cloak of poison resistance (worn)
 j - a +0 plate armour (worn)
 n - a +0 pair of gloves (worn)
 u - a scarf of shadows
 v - a +0 hat (worn)
Jewellery
 e - a +6 ring of dexterity (left hand)
 i - an amulet of the acrobat (around neck)
 q - a ring of willpower (right hand)
Wands
 w - a wand of iceblast (9)
 y - a wand of paralysis (5)
 A - a wand of flame (11)
 C - a wand of polymorph (2)
Scrolls
 a - 3 scrolls of fear
 g - 4 scrolls of teleportation
 l - 2 scrolls of noise
 m - 2 scrolls of butterflies
 r - 3 scrolls of identify
 x - a scroll of summoning
Potions
 c - a potion of mutation
 f - 2 potions of degeneration
 k - a potion of haste
 p - 2 potions of invisibility
 s - 2 potions of might
 z - 2 potions of attraction
 B - a potion of flight


   Skills:
 - Level 3.6 Fighting
 + Level 20.2 Axes
 - Level 2.4 Armour
 - Level 2.1 Dodging


You had 10 spell levels left.
You didn't know any spells.
Your spell library was empty.

Dungeon Overview and Level Annotations

Branches:
Dungeon (11/15)            Temple (0/1) D:7            Lair (0/5) D:10
    Orc (0/2) D:9

Altars:
Ashenzari
Cheibriados
Dithmenos
Gozag
Hepliaklqana
Makhleb
Okawaru
Ru
Trog
Uskayaw
Vehumet
Wu Jian
Xom
Yredelemnul
The Shining One

Shops:
D:4 *   D:6 [[**   D:8 *

Annotations:
D:11 Erica, Urug


Innate Abilities, Weirdness & Mutations

You have a pair of horns on your head.
You reflexively headbutt those who attack you in melee.
You occasionally lose the ability to read scrolls when taking damage.


Message History

You barely miss the howler monkey.
The howler monkey hits you but does no damage.
You slice the howler monkey!! You freeze the howler monkey.
You kill the howler monkey!
Trog accepts your kill.
Found 14 gold pieces.
The acid dragon spits acid at you. The splash of acid hits you!
You see here a howler monkey corpse.
The acid dragon spits acid at you. The splash of acid hits you.
The acid corrodes you!
Urug the Orcish Ballista comes into view.
She is wielding a +1 eveningstar.
You hear a shout!
You closely miss the acid dragon. You completely miss the cyclops.
You closely miss the acid dragon. You slash the cyclops!
You freeze the cyclops. The acid dragon spits acid at you.
The splash of acid misses you.
Urug throws a javelin.
The javelin barely misses you.
The javelin pierces through the cyclops.
The cyclops hits you!
You slash the acid dragon! You freeze the acid dragon.
The acid dragon is heavily wounded.
You hit the cyclops. You freeze the cyclops.
An acid dragon comes into view.
The acid dragon bites you!
You feel threatened and lose the ability to read scrolls!
The acid dragon claws you but does no damage.
Urug throws a javelin.
The javelin pierces through you!
* * * LOW HITPOINT WARNING * * *
The javelin pierces through the cyclops!!
The acid dragon attacks as you move away!
The acid dragon bites you but does no damage.
The acid dragon claws you.
* * * LOW HITPOINT WARNING * * *
The cyclops throws a large rock.
The large rock closely misses you.
Erica the Fiery-Tempered comes into view.
She is wielding a +3 scimitar of flaming.
The acid dragon spits acid at you. The splash of acid hits you!!!
You die...

###....####
............## #
!.......... . .
.......#.#.# #
..#######..##.#.#.#..
........#..##....$...
............#........
$........†..#@.......
...!...†CD.@oD#.#....
.........#####..# #
........... .....
.#########..# #.##...
......# ## .#.#..
....... ......


You could see Urug, Erica, a cyclops and 2 acid dragons.

Vanquished Creatures
  2 two-headed ogres (D:10)
  A deep elf pyromancer (D:10)
  A cyclops (D:10)
  2 unseen horrors (D:11)
  Maggie (D:10)
  A troll (D:9)
  3 wraiths
  A wyvern (D:9)
  An acid dragon (D:9)
  8 orc warriors
  2 ogres
  4 centaurs
  A kobold brigand (D:6)
  A necrophage (D:6)
  6 bullfrogs
  A wyvern zombie (D:7)
  6 scorpions
  3 gnoll sergeants
  16 wights
  7 killer bees
  3 howler monkeys (D:11)
  3 centaur zombies (D:7)
  5 jellies
  3 bullfrog zombies (D:7)
  3 hounds
  9 orc priests
  4 iguanas
  14 orc wizards
  A killer bee zombie (D:7)
  A howler monkey zombie (D:7)
  20 gnolls
  10 adders
  2 shadow imps
  3 white imps
  2 ufetubi (D:7)
  4 worms
  3 dart slugs
  75 orcs
  9 endoplasms
  4 giant cockroaches
  12 hobgoblins
  10 jackals
  8 kobolds
  3 quokkas
  8 ball pythons
  6 bats
  3 frilled lizards
  4 goblins
  5 rats
305 creatures vanquished.

Vanquished Creatures (others)
  An orc wizard (D:4)
  62 plants
  3 withered plants (D:7)
66 creatures vanquished.

Grand Total: 371 creatures vanquished

Notes
Turn   | Place    | Note
-------+----------+-------------------------------------------
     0 | D:1      | BuddhaDhamma the Minotaur Berserker began the quest for the
                  | Orb.
     0 | D:1      | Reached XP level 1. HP: 19/19 MP: 0/0
    62 | D:1      | Reached skill level 4 in Axes
   279 | D:1      | Reached XP level 2. HP: 25/26 MP: 1/1
  1180 | D:2      | Reached skill level 5 in Axes
  1192 | D:2      | Reached XP level 3. HP: 31/31 MP: 2/2
  1272 | D:2      | Reached ** piety under Trog
  1397 | D:2      | Found a faded altar of an unknown god.
  1713 | D:3      | Found a shimmering altar of Xom.
  1815 | D:3      | Reached XP level 4. HP: 36/39 MP: 3/3
  1823 | D:3      | Reached skill level 6 in Axes
  2115 | D:3      | Found a broken altar of Ashenzari.
  2363 | D:4      | Noticed a bullfrog
  2371 | D:4      | Killed a bullfrog
  2372 | D:4      | Reached skill level 7 in Axes
  2372 | D:4      | Reached XP level 5. HP: 45/45 MP: 4/4
  2404 | D:4      | Reached skill level 8 in Axes
  2409 | D:4      | Reached XP level 6. HP: 23/51 MP: 5/5
  2628 | D:4      | Reached *** piety under Trog
  2683 | D:4      | Found a sacrificial altar of Ru.
  2781 | D:4      | Reached skill level 9 in Axes
  2973 | D:4      | Found Hekaeg's Assorted Antiques.
  3205 | D:4      | Reached XP level 7. HP: 51/57 MP: 6/6
  3339 | D:4      | Reached skill level 10 in Axes
  3941 | D:5      | Entered Level 5 of the Dungeon
  3995 | D:5      | Reached skill level 11 in Axes
  4323 | D:5      | Reached XP level 8. HP: 35/64 MP: 7/7
  4574 | D:5      | Reached skill level 12 in Axes
  4592 | D:5      | Reached **** piety under Trog
  5385 | D:5      | Found a snail-covered altar of Cheibriados.
  6014 | D:6      | Found Marebb's Assorted Antiques.
  6063 | D:6      | Reached skill level 13 in Axes
  6404 | D:6      | Found Siesum's General Store.
  6718 | D:6      | Found Utidaan's Armour Emporium.
  6724 | D:6      | Bought a +0 pair of gloves for 54 gold pieces
  6749 | D:6      | Found Maporitu's Armour Shop.
  6816 | D:6      | Reached skill level 14 in Axes
  7005 | D:6      | Reached XP level 9. HP: 70/70 MP: 8/8
  7011 | D:6      | Found an opulent altar of Gozag.
  7366 | D:7      | Reached skill level 15 in Axes
  7657 | D:7      | Found a basalt altar of Yredelemnul.
  8233 | D:7      | Found a staircase to the Ecumenical Temple.
  8249 | D:7      | Reached skill level 16 in Axes
  8283 | D:7      | Found a shadowy altar of Dithmenos.
  8367 | D:7      | Identified the +10 war axe of the Crafting Gods {protect,
                  | Contam rC- Will+ Str+9}
  8415 | D:7      | Gained mutation: You occasionally lose the ability to read
                  | scrolls when taking damage. [mutagenic glow]
  8498 | D:7      | Reached ***** piety under Trog
  8713 | D:7      | Found a hazy altar of Hepliaklqana.
  8944 | D:8      | Found a large runed translucent door.
  8945 | D:8      | Found a large runed translucent door.
  8951 | D:8      | Found Daryt's Assorted Antiques.
  8984 | D:8      | Found a transporter.
  9146 | D:8      | Reached skill level 17 in Axes
  9174 | D:8      | Found a hide-covered altar of Uskayaw.
  9181 | D:8      | Found an iron altar of Okawaru.
  9285 | D:8      | Found a transporter.
  9354 | D:8      | Found an ornate altar of the Wu Jian Council.
  9407 | D:8      | Reached XP level 10. HP: 71/77 MP: 9/9
  9594 | D:8      | Found a glowing golden altar of the Shining One.
  9604 | D:8      | Found a radiant altar of Vehumet.
 10383 | D:9      | Found a staircase to the Orcish Mines.
 10385 | D:9      | Reached skill level 18 in Axes
 10696 | D:9      | Found a burning altar of Makhleb.
 11308 | D:10     | Entered Level 10 of the Dungeon
 11369 | D:10     | Noticed a deep elf pyromancer
 11379 | D:10     | Killed a deep elf pyromancer
 11539 | D:10     | Noticed a two-headed ogre
 11544 | D:10     | Killed a two-headed ogre
 11545 | D:10     | Reached skill level 19 in Axes
 11597 | D:10     | Found a staircase to the Lair.
 11642 | D:10     | Found a bloodstained altar of Trog.
 11730 | D:10     | Noticed a cyclops
 11737 | D:10     | Killed a cyclops
 11837 | D:10     | Noticed Maggie
 11851 | D:10     | Killed Maggie
 12087 | D:10     | Reached XP level 11. HP: 77/82 MP: 10/10
 12313 | D:10     | Noticed a two-headed ogre
 12319 | D:10     | Killed a two-headed ogre
 12320 | D:10     | Reached skill level 20 in Axes
 12511 | D:11     | Noticed Urug
 12515 | D:11     | Noticed Erica
 12516 | D:11     | Killed from afar by an acid dragon

Illustrated notes

Levels and vault maps discovered:
D:1:      dpeg_arrival_three_same_balls, layout_loops_ring
D:2:      layout_basic, shapermc_ecumenical_altar_flowoftime
D:3:      layout_rooms, nicolae_ashenzari_skybound, lemuel_doored_altar,
          grunt_ministairs_6
D:4:      layout_basic, nicolae_ru_sacrificial_ziggurat, serial_shops, shop,
          guppyfry_early_orc_mine
D:5:      layout_loops_ring, cheibrodos_worm_habitat, serial_bayou,
          serial_bayou_pond_b, serial_bayou_lake_a, serial_bayou_ford_a,
          serial_bayou_lagoon_a, dreamdust_mushroom_princess,
          chequers_serial_rivers_micro_d
D:6:      corexii_shack_village, layout_basic, grunt_gozag_statues,
          serial_shops, nicolae_shop_statue_plus, nicolae_shop_waterfront,
          shop_statue, nicolae_take_the_stairs, minmay_circle_x
D:7:      layout_loops_ring, riverfiend_overflow_shadow_ancestor,
          lemuel_tele_altar, minmay_temple_entry_hall, serial_undead,
          serial_undead_c, serial_undead_f, serial_undead_d, serial_undead_d,
          serial_undead_c, serial_undead_e
D:8:      layout_basic, nicolae_wu_jian_glorious_leap,
          amethyst_overflow_temple_binary, jmf_multi_god_temple2, serial_shops,
          nicolae_shop_overgrown_old_shop, nicolae_diode_stairs
D:9:      layout_basic, bloody_makhleb, david_orc_5
D:10:     layout_small_grid, mainiacjoe_overflow_alcove_1, dpeg_oklobed_lair,
          grunt_decor_junction, lightli_orcish_oven, uniq_maggie
D:11:     layout_basic, serial_glass, glass_columns_a, glass_columns_c,
          glass_columns_b, glass_columns_a, glass_columns_a, glass_columns_a,
          glass_columns_a, glass_columns_a, glass_columns_a, glass_columns_c,
          kennysheep_generic_room_4, uniq_urug, uniq_erica, uniq_snorg

Skill      XL: |  1  2  3  4  5  6  7  8  9 10 11 |
---------------+----------------------------------+-----
Axes           | 4 5 7 8 9 11 14 17 19 20 | 20.2
Fighting       | |  3.6
Armour         | |  2.4
Dodging        | |  2.1

Action                   |  1- 3 |  4- 6 |  7- 9 | 10-12 || total
-------------------------+-------+-------+-------+-------++-------
Melee: Hand axe          |    79 |   110 |   255 |       ||   444
       Headbutt          |    12 |    17 |    71 |    21 ||   121
       Battleaxe         |       |       |    71 |   130 ||   201
Invok: Berserk           |       |     3 |     4 |     3 ||    10
  Use: Scroll            |       |     1 |    11 |     7 ||    19
       Potion            |       |     3 |       |     3 ||     6
Armor: Animal skin       |     6 |       |       |       ||     6
       Scale mail        |    19 |       |       |       ||    19
       Ring mail         |     3 |       |       |       ||     3
       Chain mail        |     3 |    35 |    44 |       ||    82
       Skin              |       |    16 |       |       ||    16
       Plate armour      |       |       |    47 |    88 ||   135
Dodge: Dodged            |    32 |    27 |   107 |    96 ||   262
Block: Buckler           |    14 |    25 |    58 |       ||    97
